 Dungeon Sprint DCSS version 0.21.0-3-g78d12a8 (webtiles) character file.

3431 wojtek the Severer (level 9, 0/97 HPs)
             Began as a Minotaur Berserker on Jan 13, 2018.
             Was a High Priest of Trog.
             Slain by Fuer the pandemonium lord (38 damage)
             ... in the Dungeon (Sprint V: "Ziggurat Sprint").
             The game lasted 00:03:36 (555 turns).

wojtek the Severer (Minotaur Berserker)              Turns: 555, Time: 00:03:37

Health: 0/97       AC: 25    Str: 37    XL:     9   Next: 77%
Magic:  8/8        EV: 10    Int:  4    God:    Trog [*****.]
Gold:   0          SH:  0    Dex: 10    Spells: 8/8 levels left

rFire    + . .     SeeInvis .   N - +5 executioner's axe
rCold    + . .     Gourm    .   (shield currently unavailable)
rNeg     . . .     Faith    .   I - +5 gold dragon scales
rPois    +         Spirit   .   (helmet restricted)
rElec    .         Reflect  .   (no cloak)
rCorr    .         Harm     .   (no gloves)
MR       .....     NoTele   +   S - +1 pair of boots {Stlth+}
Stlth    ..........             (no amulet)
HPRegen  0.26/turn              w - +6 ring of strength
MPRegen  0.11/turn              x - +6 ring of strength

@: very slightly contaminated, studying Slings
A: retaliatory headbutt, horns 2
a: Berserk, Trog's Hand, Brothers in Arms, Burn Spellbooks, Renounce Religion


You were in the Dungeon.
You worshipped Trog.
Trog was extremely pleased with you.
You were not hungry.

You visited 1 branch

Inventory:

Hand Weapons
 a - a +0 hand axe
 A - the cursed +14 obsidian axe {chop, +Fly SInv *Curse}
   (You found it in the Dungeon)

   It inflicts extra damage upon your enemies.
   It lets you see invisible.
   It lets you fly.
   It curses itself when equipped.
   It has a curse placed upon it.
 L - a +5 battleaxe
 M - a +5 broad axe
 N - a +5 executioner's axe (weapon)
 O - a +5 hand crossbow
 P - a +5 triple crossbow
Missiles
 Q - 1000 bolts
Armour
 b - a +0 animal skin
 H - a +5 crystal plate armour
 I - +5 gold dragon scales (worn)
 J - a +3 large shield
 K - a +3 shield
 S - a +1 pair of boots of stealth (worn)
Jewellery
 s - a +6 ring of dexterity
 t - a +6 ring of dexterity
 u - a +6 ring of intelligence
 v - a +6 ring of intelligence
 w - a +6 ring of strength (left hand)
 x - a +6 ring of strength (right hand)
 y - an uncursed ring of flight
 T - the ring of the Good {Ice MR+ SInv}
   (You found it in the Dungeon)

   [ring of ice]

   It enhances your ice magic.
   It makes you vulnerable to fire.
   It protects you from cold.
   It affects your resistance to hostile enchantments.
   It lets you see invisible.
Wands
 p - a wand of disintegration (7)
 q - a wand of iceblast (7)
 r - a wand of acid (7)
Scrolls
 i - 2 scrolls of blinking
 B - 7 scrolls of fog
 C - 2 scrolls of holy word
 D - 5 scrolls of identify
 E - 5 scrolls of remove curse
 F - 2 scrolls of fear
 G - 4 scrolls of amnesia
 R - a scroll of brand weapon
Potions
 d - 10 potions of curing
 e - 9 potions of heal wounds
 f - 6 potions of haste
 g - 7 potions of magic
 h - 3 potions of berserk rage
 j - 2 potions of brilliance
 k - 2 potions of invisibility
 l - 4 potions of resistance
 m - a potion of experience
 n - 5 potions of agility
 o - 5 potions of might
Books
 U - a manual of Slings
Miscellaneous
 z - a lightning rod (4/4)
Comestibles
 c - 6 rations


   Skills:
 + Level 15.5 Fighting
 + Level 16.9 Axes
 + Level 10.6 Armour
 + Level 7.7 Dodging


You had 8 spell levels left.
You didn't know any spells.

Dungeon Overview and Level Annotations

Branches:
Dungeon (1/1)

Altars:
Ashenzari
Cheibriados
Dithmenos
Elyvilon
Fedhas
Gozag
Hepliaklqana
Kikubaaqudgha
Makhleb
Nemelex Xobeh
Okawaru
Qazlal
Ru
Sif Muna
Trog
Uskayaw
Vehumet
Wu Jian
Xom
Yredelemnul
Zin
The Shining One
Beogh
Jiyva
Lugonu


Innate Abilities, Weirdness & Mutations

You reflexively headbutt those who attack you in melee.
You have a pair of horns on your head.


Message History

As you read the scroll of blinking, it crumbles to dust.
Found a transporter.
Blink to where?
Press: ? - help, Dir - move target cursor
As you read the scroll of blinking, it crumbles to dust.
Fuer hits you but does no damage.
Welcome to arena 7.
You enter the transporter and appear at another place.
A hippogriff, 2 merfolk, 2 centaurs and a cyclops come into view.
The merfolk shouts!
The cyclops shouts!
The centaur shouts!
The merfolk shouts!
The centaur shouts!
Fuer hits you but does no damage.
The quasit bites you but does no damage.
The quasit claws you but does no damage.
The quasit barely misses you.
The crimson imp shouts, "Submit, thou jarring dizzy-eyed coxcomb!"
The crimson imp hits you but does no damage.
Found six items.
You feel much better. Fuer hits you!!!
You die...

▓..}H)..▓
▓..mcC..▓
▓...m...▓
▓..c....▓
▓.......▓
▓.......▓
▓..55&..▓
▓...@...▓
▓▓▓▓▓▓▓▓▓


You could see Fuer, 2 merfolk, a cyclops, a hippogriff, 2 centaurs, a quasit and
a crimson imp.

Vanquished Creatures
  A deep elf annihilator (D)
  2 dancing weapons (D)
  A deep elf archer (D)
  A jumping spider (D)
  A spriggan (D)
  A floating eye (D)
  A wolf (D)
  2 scorpions (D)
  2 iguanas (D)
  2 river rats (D)
  An ooze (D)
  A jackal (D)
16 creatures vanquished.

Vanquished Creatures (collateral kills)
  An eye of draining (D)
  A jelly (D)
2 creatures vanquished.

Grand Total: 18 creatures vanquished

Notes
Turn   | Place    | Note
-------+----------+-------------------------------------------
     0 | D        | Found the +6 Majin-Bo {vamp, Archmagi MP+6 Int+6}
     0 | D        | Found the +7 great mace "Firestarter" {inner flame, rF++}
     0 | D        | wojtek the Minotaur Berserker began the quest for the Orb.
     0 | D        | Reached XP level 1. HP: 19/19 MP: 0/0
     0 | D        | Found a deep blue altar of Sif Muna.
     0 | D        | Found a sacrificial altar of Ru.
     0 | D        | Found a bloodstained altar of Trog.
     0 | D        | Found a stormy altar of Qazlal.
     0 | D        | Found an iron altar of Okawaru.
     0 | D        | Found a sparkling altar of Nemelex Xobeh.
     0 | D        | Found a blossoming altar of Fedhas.
     6 | D        | Found a corrupted altar of Lugonu.
     6 | D        | Found an ancient bone altar of Kikubaaqudgha.
     6 | D        | Found a burning altar of Makhleb.
     6 | D        | Found a transporter.
     6 | D        | Found a viscous altar of Jiyva.
     6 | D        | Found a hazy altar of Hepliaklqana.
    17 | D        | Found the +9 heavy crossbow "Sniper" {velocity, Acc+∞ SInv}
    17 | D        | Found the +10 dark maul {crush}
    17 | D        | Found the +15 Maxwell's patent armour {-Cast -Tele rElec MR+ rCorr}
    17 | D        | Found the +18 shield of the Gong {rElec rN+ MR+ EV-5}
    17 | D        | Found the cursed +14 obsidian axe {chop, +Fly SInv *Curse}
    19 | D        | Found the +6 shillelagh "Devastator" {shatter}
    19 | D        | Found the +11 plutonium sword {*Contam Stlth-}
    19 | D        | Found the +8 lance "Wyrmbane" {slay drac, rPois rF+ rC+ AC+3}
    19 | D        | Found the cursed +13 scythe of Curses {drain, *Curse}
    19 | D        | Found the +0 sword of Power
    19 | D        | Found the +10 mace of Variability {chaos}
    19 | D        | Found the +7 Singing Sword
    19 | D        | Found the +7 longbow "Piercer" {penet, EV-2}
    21 | D        | Found an opulent altar of Gozag.
    65 | D        | Entered arena 2.
    65 | D        | Noticed a wolf
    65 | D        | Noticed a spriggan
    65 | D        | Found a transporter.
    70 | D        | Killed a wolf
    70 | D        | Reached skill level 7 in Axes
    70 | D        | Reached XP level 2. HP: 34/34 MP: 1/1
    70 | D        | Reached XP level 3. HP: 39/39 MP: 2/2
    70 | D        | Reached XP level 4. HP: 47/47 MP: 3/3
    73 | D        | Killed a spriggan
    73 | D        | Reached skill level 9 in Axes
    73 | D        | Reached skill level 5 in Armour
    73 | D        | Reached XP level 5. HP: 57/57 MP: 4/4
   110 | D        | Entered arena 3.
   110 | D        | Noticed a jumping spider
   110 | D        | Found a transporter.
   111 | D        | Reached ** piety under Trog
   114 | D        | Reached skill level 10 in Axes
   114 | D        | Reached XP level 6. HP: 66/66 MP: 5/5
   115 | D        | Reached *** piety under Trog
   115 | D        | Reached skill level 10 in Fighting
   117 | D        | Killed a jumping spider
   117 | D        | Reached skill level 11 in Axes
   117 | D        | Reached skill level 5 in Dodging
   117 | D        | Reached XP level 7. HP: 74/74 MP: 6/6
   161 | D        | Entered arena 4.
   161 | D        | Noticed a short sword of electrocution
   161 | D        | Noticed a mace of draining
   161 | D        | Noticed a deep elf archer
   161 | D        | Noticed a deep elf annihilator
   161 | D        | Found a transporter.
   167 | D        | Killed a deep elf annihilator
   167 | D        | Reached **** piety under Trog
   167 | D        | Reached skill level 14 in Axes
   167 | D        | Reached XP level 8. HP: 36/86 MP: 7/7
   169 | D        | Killed a mace of draining
   169 | D        | Reached skill level 15 in Axes
   169 | D        | Reached XP level 9. HP: 32/96 MP: 8/8
   171 | D        | Killed a deep elf archer
   171 | D        | Reached skill level 16 in Axes
   171 | D        | Reached skill level 10 in Armour
   176 | D        | Killed a short sword of electrocution
   176 | D        | Reached skill level 15 in Fighting
   230 | D        | Got the ring of the Good {Ice MR+ SInv}
   466 | D        | Entered arena 5.
   466 | D        | Found a transporter.
   471 | D        | Received a gift from Trog
   476 | D        | Reached ***** piety under Trog
   526 | D        | Entered arena 6.
   526 | D        | Found a transporter.
   532 | D        | Received a gift from Trog
   550 | D        | Entered arena 7.
   550 | D        | Noticed a rust devil
   550 | D        | Noticed Fuer the pandemonium lord
   550 | D        | Noticed a soul eater
   551 | D        | HP: 1/97 [Fuer the pandemonium lord/great blast of fire (36)]
   552 | D        | Found a transporter.
   554 | D        | Entered arena 8.
   554 | D        | Noticed a merfolk
   554 | D        | Noticed a cyclops
   554 | D        | Noticed a merfolk
   555 | D        | Slain by Fuer the pandemonium lord

Skill      XL: |  1  2  3  4  5  6  7  8  9 |
---------------+----------------------------+-----
Fighting       | 7 9 11 13 14 15 | 15.5
Axes           | 7 9 10 11 14 15 16 | 16.9
Armour         | 4 5 6 7 8 9 10 | 10.6
Dodging        | 3 4 5 6 7 |  7.7

Action                   |  1- 3 |  4- 6 |  7- 9 || total
-------------------------+-------+-------+-------++-------
Melee: Executioner's axe |     4 |     6 |    18 ||    28
       Headbutt          |       |     2 |     1 ||     3
Invok: Berserk           |     1 |     1 |     2 ||     4
       Burn Spellbooks   |       |     1 |     1 ||     2
       Brothers in Arms  |       |       |     2 ||     2
  Use: Scroll            |       |       |     2 ||     2
       Potion            |       |       |     1 ||     1
  Eat: Ration            |       |       |     1 ||     1
       Chunk             |       |       |     1 ||     1
Armor: Gold dragon scale |     4 |     2 |    27 ||    33
Dodge: Dodged            |     4 |     6 |    10 ||    20
